FIQ, neutral male gnomish Healer -------- --- |.......#######`|. |......| #|.--------- |......| #|.|!).|...| |.<....| #|.|.?.|...| ------+- %|.|@.?|...| | #-.|@@.|...| - ..----+---+--- | ##|.-|----|-- ...................| #|.............{......{..........| |.-I----|-- ..---+-- | |.| |...| - | |.| |...| |.| |...| |.| |...| |.- ----- |. --- FIQ the Rhizotomist Experience level: 1 Strength: 8 Dexterity: 8 Constitution: 13 Intelligence: 13 Wisdom: 18 Charisma: 17 Health: 19(22) Energy: 5(5) Def: 5 Gold: 1347 Moves: 2270 Dungeon seed: -WPHnjb7Hw16GxD4 Game ID: FIQ_1431771523 Your Inventory: Coins $ - 1347 gold pieces Weapons a - a +0 scalpel (weapon in hand) d - 7 blessed +1 darts m - a +2 aklys (alternate weapon; not wielded) K - 22 +0 darts (in quiver) Armor e - an uncursed +1 pair of leather gloves (being worn) Y - an uncursed +0 pair of jumping boots (being worn) Z - an uncursed +0 robe (being worn) Comestibles v - an uncursed sprig of wolfsbane w - 13 blessed eucalyptus leaves Scrolls n - an uncursed scroll of confuse monster p - a cursed scroll of create monster P - a cursed scroll of destroy armor Q - a blessed scroll of enchant armor W - an uncursed scroll of light Spellbooks h - a blessed spellbook of healing i - a blessed spellbook of extra healing j - a blessed spellbook of stone to flesh Rings k - a cursed -1 ring of protection Wands f - a wand of slow monster (0:4) g - a wand of sleep (0:3) Tools b - an uncursed sack c - an uncursed tin whistle l - an uncursed brass lantern (0:1198) s - an uncursed stethoscope Gems q - an uncursed worthless piece of black glass r - 2 uncursed jasper stones y - an uncursed worthless piece of violet glass z - 2 uncursed fluorite stones M - an uncursed worthless piece of red glass O - an uncursed worthless piece of yellow glass X - an uncursed amethyst stone Contents of the sack: 7 uncursed apples an uncursed potion of blindness 3 uncursed potions of extra healing a cursed potion of hallucination 4 uncursed potions of healing Spells known in the end: Name Level Category Fail Memory a - healing 1 healing 0% 89% b - extra healing 3 healing 0% 89% c - stone to flesh 3 healing 11% 89% Your skills at the end: Fighting Skills Weapon Skills knife [Basic] Spellcasting Skills healing spells [Basic] Final Attributes: You were devoutly aligned. You were poison resistant. You had infravision. You could jump. You were lucky. You survived. Vanquished creatures: a rabid rat a wererat an iguana an acid blob a gas spore 2 large kobolds 5 giant rats a yellow mold 2 gnomes a gecko 2 jackals a fox 2 kobolds 2 goblins 8 sewer rats 2 grid bugs 3 bats 5 lichens 3 kobold zombies 6 newts 50 creatures vanquished. Voluntary challenges: You used a wielded weapon 12 times, starting on turn 513. You read items or engraved 13 times, starting on turn 402. You never genocided any monsters. You never polymorphed an object. You changed form 1 time, starting on turn 1771. You used no wishes. You never split a pudding. You wrote Elbereth's name 7 times, starting on turn 402. You never violated your personal moral code. Dungeon overview: The Dungeons of Doom: levels 1 to 3 Level 1 a long staircase Level 2 a fountain Level 3 (locked shop) a fountain, a sink stairs to The Gnomish Mines The Gnomish Mines: levels 4 to 6 Level 4 stairs to The Dungeons of Doom Level 5 Level 6 <- You were here a general store, some fountains History has recorded: On T:1 you entered the Dungeons of Doom to retrieve the Amulet of Yendor! On T:518 you reached level 2 of The Dungeons of Doom. On T:1026 you reached level 3 of The Dungeons of Doom. On T:1390 you reached level 1 of The Gnomish Mines. On T:1557 you reached level 2 of The Gnomish Mines. On T:2108 you reached level 3 of The Gnomish Mines. Score breakdown: Gold: 170 ( 7595 points) Experience: 1 level ( 0 points) Exploration: 6 levels ( 12.00%) ( 9583 points) Discoveries: 4 items ( 1.37%) ( 3511 points) Valuables value: (no points given unless you survive) Artifact value: 0 ( 0 points) Variety of kills: 20 monsters ( 5.28%) ( 6891 points) Time penalty: 2270 turns ( -188 points) Survival: quit (score multiplied by 90%) Total score: 24652 Latest messages: To quit the game, use the 'save' command (typically on 'S'). Angmagssalik gratefully inherits all your possessions. Final status: Goodbye FIQ the Healer, quit... You quit in The Gnomish Mines on dungeon level 6 with 24652 points, and 1347 pieces of gold, after 2270 moves. You were level 1 with a maximum of 22 hit points when you quit.